 Dungeon Crawl Stone Soup version 0.24.0-123-gd5b16e6ec5 (webtiles) character file.

Game seed: 13928004012523646821, levelgen mode: deterministic

333 FishyPogo the Charmwright (level 6, -4/51 HPs)
             Began as a Gnoll Skald on Jan 2, 2020.
             Slain by an ogre
             ... wielding a +0 giant club
              (20 damage)
             ... on level 4 of the Dungeon.
             The game lasted 00:08:40 (2633 turns).

FishyPogo the Charmwright (Gnoll Skald)             Turns: 2633, Time: 00:08:41

Health: -4/51      AC:  3    Str: 14    XL:     6   Next: 52%
Magic:  1/4        EV: 14    Int: 16    God:
Gold:   166        SH:  6    Dex: 15    Spells: 4/15 levels left

rFire    . . .     SeeInvis .   a - +2 dagger (antimagic)
rCold    . . .     Gourm    .   x - +2 buckler
rNeg     . . .     Faith    .   p - +0 leather armour
rPois    .         Spirit   .   (no helmet)
rElec    .         Reflect  .   (no cloak)
rCorr    +         Harm     .   (no gloves)
MR       .....                  (no boots)
Stlth    ++........             (no amulet)
HPRegen  0.17/turn              r - ring of resist corrosion
MPRegen  0.09/turn              (no ring)

@: very slightly contaminated
A: distributed training, fangs 1, strong nose
a: no special abilities


You were on level 4 of the Dungeon.
You were hungry.

You visited 1 branch of the dungeon, and saw 4 of its levels.

You collected 166 gold pieces.

Inventory:

Hand Weapons
 a - a +2 antimagic dagger (weapon)
 b - a +0 hunting sling
Missiles
 e - 68 stones (quivered)
 h - 7 javelins
 n - 12 sling bullets
 u - 2 poisoned darts
 y - 4 atropa-tipped darts
Armour
 p - a +0 leather armour (worn)
 x - a +2 buckler (worn)
Jewellery
 r - a ring of resist corrosion (left hand)
Scrolls
 f - 3 scrolls of random uselessness {unknown}
 g - a scroll of noise {unknown}
 i - 2 scrolls of identify {unknown}
 j - 2 scrolls of blinking {unknown}
 k - a scroll of fear {unknown}
 m - 3 scrolls of magic mapping {unknown}
 q - 3 scrolls of remove curse {unknown}
 s - 3 scrolls of teleportation {unknown}
 t - 3 scrolls of immolation {unknown}
 w - a scroll of amnesia {unknown}
 A - a scroll of enchant weapon {unknown}
Potions
 c - a potion of heal wounds {unknown}
 l - a potion of curing
 o - a potion of cancellation {unknown}
 v - 2 potions of brilliance
Comestibles
 d - 5 rations
 z - 2 chunks of flesh


   Skills:
 + Level 5.0 Fighting
 + Level 5.0 Short Blades
 + Level 2.0 Long Blades
 + Level 2.0 Axes
 + Level 2.0 Maces & Flails
 + Level 2.0 Polearms
 + Level 2.0 Staves
 + Level 2.0 Slings
 + Level 2.0 Bows
 + Level 2.0 Crossbows
 + Level 2.0 Throwing
 + Level 3.2 Armour
 + Level 5.0 Dodging
 + Level 2.0 Stealth
 + Level 2.0 Shields
 + Level 2.0 Unarmed Combat
 + Level 5.3 Spellcasting
 + Level 1.5 Conjurations
 + Level 1.5 Hexes
 + Level 5.6 Charms
 + Level 1.5 Summonings
 + Level 1.5 Necromancy
 + Level 1.5 Translocations
 + Level 1.5 Transmutations
 + Level 1.5 Fire Magic
 + Level 1.5 Ice Magic
 + Level 1.5 Air Magic
 + Level 1.5 Earth Magic
 + Level 1.5 Poison Magic
 + Level 2.1 Invocations
 + Level 2.0 Evocations


You had 4 spell levels left.
You knew the following spells:

 Your Spells              Type           Power        Failure   Level  Hunger
h - Regeneration          Chrm/Necr      ###.......   16%         3    ###....
n - Spectral Weapon       Hex/Chrm       ###.....     16%         3    ###....
p - Shroud of Golubria    Chrm/Tloc      ###...       9%          2    #......
u - Song of Slaying       Chrm           ###.....     3%          2    #......
y - Infusion              Chrm           ###.         2%          1    None

Your spell library contained the following spells:

 Spells                   Type           Power        Failure   Level  Hunger


Dungeon Overview and Level Annotations

Branches:
Dungeon (4/15)
 Temple: D:4-7

Altars:
Yredelemnul
The Shining One


Innate Abilities, Weirdness & Mutations

Your experience applies equally to all skills.
You have very sharp teeth.
Your uncanny sense of smell can sniff out nearby items.


Message History

The ogre is moderately wounded.
Your spectral weapon hits the ogre.
The ogre barely misses you.
Casting: Spectral Weapon (safe; 16% risk of failure)
Confirm with . or Enter, or press ? or * to list all spells.
You miscast Shroud of Golubria.
You are very lightly contaminated with residual magic.
You catch a glimpse of the back of your own head.
There is a stone staircase leading down here.
You hit the ogre.
The ogre is severely wounded.
Your spectral weapon hits the ogre.
The ogre hits your spectral weapon with a +0 giant club!!
Your spectral weapon shares its damage with you!
Your spectral weapon fades away.
* * * LOW HITPOINT WARNING * * *
The ogre shouts!
You hit the ogre but do no damage. Your bite misses the ogre.
The ogre is severely wounded.
The ogre hits you with a +0 giant club!!
You die...

........# ........#
........###########
..................#
#+##...............#
###.##...............# ∆
...............>.....#
........###..........#
#######....@###..........#
.......###..O............#
....... ##.##...........#
.......####.##...........#
.............#.##....#####
.............#.##....#
.............#.......#
.............#.##.####
.######.........#.####


You could see an ogre.

Vanquished Creatures
  A phantom (D:4)
  A scorpion (D:4)
  An orc priest (D:3)
  A bullfrog skeleton (D:4)
  2 worker ants (D:4)
  3 adders
  An adder skeleton (D:4)
  3 dart slugs
  2 leopard geckos
  4 orcs (D:3)
  A ball python (D:2)
  2 hobgoblins
  3 jackals (D:4)
  6 kobolds
  2 quokkas
  2 bats (D:1)
  5 frilled lizards
  5 goblins
  5 rats
  A spectral orc (D:3)
51 creatures vanquished.

Vanquished Creatures (others)
  A spectral weapon (D:4)
1 creature vanquished.

Grand Total: 52 creatures vanquished

Notes
Turn   | Place    | Note
-------+----------+-------------------------------------------
     0 | D:1      | FishyPogo the Gnoll Skald began the quest for the Orb.
     0 | D:1      | Reached XP level 1. HP: 20/20 MP: 6/6
   254 | D:1      | Reached XP level 2. HP: 20/26 MP: 4/7
   288 | D:1      | Learned a level 2 spell: Song of Slaying
   291 | D:1      | Learned a level 2 spell: Shroud of Golubria
   748 | D:2      | Reached skill level 5 in Spellcasting
   748 | D:2      | Reached XP level 3. HP: 26/31 MP: 7/9
   795 | D:2      | Reached skill level 1 in Invocations
   871 | D:2      | Learned a level 3 spell: Regeneration
  1218 | D:2      | Found a glowing golden altar of the Shining One.
  1431 | D:3      | Reached skill level 1 in Long Blades
  1431 | D:3      | Reached skill level 1 in Axes
  1431 | D:3      | Reached skill level 1 in Maces & Flails
  1431 | D:3      | Reached skill level 1 in Polearms
  1431 | D:3      | Reached skill level 1 in Staves
  1431 | D:3      | Reached skill level 1 in Slings
  1431 | D:3      | Reached skill level 1 in Bows
  1431 | D:3      | Reached skill level 1 in Crossbows
  1431 | D:3      | Reached skill level 1 in Throwing
  1431 | D:3      | Reached skill level 1 in Stealth
  1431 | D:3      | Reached skill level 1 in Shields
  1431 | D:3      | Reached skill level 1 in Unarmed Combat
  1431 | D:3      | Reached skill level 1 in Evocations
  1444 | D:3      | Reached XP level 4. HP: 20/38 MP: 2/11
  1449 | D:3      | Learned a level 3 spell: Spectral Weapon
  1602 | D:3      | Reached skill level 1 in Conjurations
  1602 | D:3      | Reached skill level 1 in Hexes
  1602 | D:3      | Reached skill level 1 in Summonings
  1602 | D:3      | Reached skill level 1 in Necromancy
  1602 | D:3      | Reached skill level 1 in Translocations
  1602 | D:3      | Reached skill level 1 in Transmutations
  1602 | D:3      | Reached skill level 1 in Fire Magic
  1602 | D:3      | Reached skill level 1 in Ice Magic
  1602 | D:3      | Reached skill level 1 in Air Magic
  1602 | D:3      | Reached skill level 1 in Earth Magic
  1602 | D:3      | Reached skill level 1 in Poison Magic
  2096 | D:3      | Found a basalt altar of Yredelemnul.
  2199 | D:4      | Reached XP level 5. HP: 20/43 MP: 1/12
  2442 | D:4      | Reached XP level 6. HP: 27/50 MP: 0/13
  2515 | D:4      | Noticed a phantom
  2556 | D:4      | Killed a phantom
  2556 | D:4      | Reached skill level 5 in Fighting
  2556 | D:4      | Reached skill level 5 in Short Blades
  2556 | D:4      | Reached skill level 5 in Dodging
  2633 | D:4      | Slain by an ogre

Levels and vault maps discovered:
D:1:      elethiomel_arrival_fortress_basement, layout_loops_ring
D:2:      layout_loops_ring, nicolae_tso_swordbearing_angel
D:3:      layout_loops_ring, yredelemnul_forgotten_temple_becter
D:4:      layout_basic, nrook_mini_backslash, okawaru_trees_2

Skill      XL: |  1  2  3  4  5  6 |
---------------+-------------------+-----
Spellcasting   | 5 |  5.3
Invocations    | 1 2 |  2.1
Long Blades    | 1 2 |  2.0
Axes           | 1 2 |  2.0
Maces & Flails | 1 2 |  2.0
Polearms       | 1 2 |  2.0
Staves         | 1 2 |  2.0
Slings         | 1 2 |  2.0
Bows           | 1 2 |  2.0
Crossbows      | 1 2 |  2.0
Throwing       | 1 2 |  2.0
Stealth        | 1 2 |  2.0
Shields        | 1 2 |  2.0
Unarmed Combat | 1 2 |  2.0
Evocations     | 1 2 |  2.0
Conjurations   | 1 |  1.5
Hexes          | 1 |  1.5
Summonings     | 1 |  1.5
Necromancy     | 1 |  1.5
Translocations | 1 |  1.5
Transmutations | 1 |  1.5
Fire Magic     | 1 |  1.5
Ice Magic      | 1 |  1.5
Air Magic      | 1 |  1.5
Earth Magic    | 1 |  1.5
Poison Magic   | 1 |  1.5
Armour         | 3 |  3.2
Fighting       | 5 |  5.0
Short Blades   | 5 |  5.0
Dodging        | 5 |  5.0
Charms         | |  5.6

Action                   |  1- 3 |  4- 6 || total
-------------------------+-------+-------++-------
Melee: Short sword       |    57 |       ||    57
       Bite              |     6 |    14 ||    20
       Dagger            |    47 |   154 ||   201
       Punch             |     1 |       ||     1
 Fire: Hunting sling     |    18 |       ||    18
 Cast: Infusion          |     2 |       ||     2
       Shroud of Golubri |     9 |     8 ||    17
       Song of Slaying   |       |     1 ||     1
       Regeneration      |       |     2 ||     2
       Spectral Weapon   |       |     3 ||     3
  Use: Potion            |       |     3 ||     3
 Stab: Sleeping          |       |     1 ||     1
       Distracted        |       |     1 ||     1
  Eat: Chunk             |     2 |     4 ||     6
Armor: Leather armour    |    16 |    14 ||    30
Dodge: Dodged            |    69 |    78 ||   147
Block: Buckler           |     5 |    34 ||    39
